Map: King's Cove LE

Players

Lambo

  • Race: Zerg Zerg
  • Spawn Location: 5:00

TIME (Oliveira) - Winner!

  • Race: Terran Terran
  • Spawn Location: 11:00

Event: 2019 WCS Summer

VOD

Have the link to the VOD?

Description

Time

  • Played on: July 12, 2019, 2:23 p.m.
  • Length: 12:40

All games in this series

Show
View Real Time Build Order
Export as new Build Order

Lambo Zerg 

Build Orders: Hatch First 

Get SALT Encoding   

  12  0:00  Drone  
  13  0:13  Overlord  
  13  0:17  Drone  
  14  0:31  Drone x2  
  16  0:49  Hatchery  
  15  0:52  Drone  
  15  0:55  Drone  
  17  0:59  Drone  
  18  1:09  Extractor  
  17  1:14  Spawning Pool  
  17  1:18  Drone  
  17  1:22  Drone  
  18  1:30  Drone  
  20  1:40  Drone  
  20  1:52  Overlord  
  20  2:01  Queen x2  
  20  2:02  Zergling x4  
  26  2:12  Metabolic Boost  
  26  2:14  Drone x2  
  28  2:23  Drone x2  
  30  2:33  Drone  
  30  2:35  Drone  
  31  2:39  Queen  
  33  2:50  Overlord  
  33  2:51  Drone  
  33  2:55  Drone  
  33  2:56  Pneumatized Carapace  
  35  2:59  Zergling x2  
  36  3:09  Drone  
  36  3:10  Drone x3  
  40  3:15  Drone  
  41  3:22  Hatchery  
  41  3:25  Zergling x4  
  41  3:31  Queen  
  41  3:33  Overlord  
  43  3:52  Evolution Chamber  
  43  3:55  Drone x4, Overlord  
  43  3:57  Drone x3  
  43  4:01  Drone  
  50  4:03  Drone  
  50  4:05  Overlord  
  51  4:12  Queen  
  51  4:16  Zergling x6  
  56  4:18  Overlord  
  56  4:23  Zerg Ground Armor Level 1  
  56  4:26  Evolution Chamber  
  56  4:27  Drone  
  56  4:30  Drone  
  56  4:31  Drone x2  
  59  4:33  Overlord  
  59  4:39  Drone x2  
  59  4:40  Drone x3  
  59  4:44  Extractor  
  63  4:47  Overlord  
  63  4:48  Drone  
  63  4:52  Drone, Queen  
  65  4:55  Zerg Melee Weapons Level 1  
  65  4:57  Drone  
  68  5:01  Zergling x6  
  68  5:02  Zergling x2  
  72  5:11  Zergling x4  
  72  5:13  Zergling x8  
  72  5:19  Drone  
  65  5:27  Drone x6  
  68  5:29  Drone x2  
  68  5:34  Lair  
  68  5:35  Drone x2  
  72  5:37  Spore Crawler  
  72  5:38  Spore Crawler  
  72  5:42  Drone, Spore Crawler  
  71  5:46  Drone x2  
  72  5:50  Queen  
  72  5:51  Drone  
  72  5:56  Zergling x2  
  73  5:58  Drone  
  73  6:01  Drone x7  
  81  6:05  Extractor  
  81  6:07  Drone x2  
  82  6:12  Drone x2  
  82  6:13  Drone, Queen  
  82  6:16  Extractor  
  82  6:17  Zergling x2  
  87  6:21  Zergling x2  
  87  6:22  Zergling x2  
  89  6:28  Zergling x2  
  89  6:31  Drone x3  
  87  6:36  Drone x4, Extractor  
  87  6:38  Infestation Pit  
  87  6:39  Roach Warren  
  89  6:40  Drone x2  
  89  6:42  Overseer, Extractor  
  89  6:45  Drone  
  90  6:48  Hatchery, Overlord  
  90  6:50  Drone  
  90  6:52  Overlord  
  90  6:53  Baneling Nest  
  84  7:02  Drone x5  
  85  7:08  Drone x3  
  85  7:09  Zerg Melee Weapons Level 2  
  85  7:12  Zerg Missile Weapons Level 1  
  88  7:16  Drone x3  
  91  7:23  Roach x5  
  91  7:24  Glial Reconstitution  
  91  7:29  Drone x4  
  105  7:32  Pathogen Glands  
  105  7:41  Overlord x3  
  105  7:56  Extractor  
  105  7:58  Overlord  
  104  8:05  Zergling x2, Extractor  
  104  8:06  Zergling x22  
  104  8:09  Ravager x5  
  104  8:12  Zergling x8  
  124  8:18  Drone x2  
  124  8:19  Infestor, Drone  
  129  8:22  Overlord  
  129  8:24  Overlord x2  
  129  8:26  Baneling x3, Overlord  
  128  8:28  Overlord  
  128  8:30  Overlord  
  128  8:31  Overlord  
  128  8:35  Overlord  
  128  8:37  Overlord  
  128  8:40  Hatchery, Overlord  
  127  8:43  Baneling x4  
  127  8:46  Infestor x2  
  127  8:47  Infestor  
  133  8:49  Drone x8  
  133  8:52  Drone x2  
  133  8:53  Drone  
  133  8:54  Drone  
  145  8:57  Overlord  
  145  9:00  Zergling x2, Roach x2  
  150  9:05  Overlord  
  150  9:10  Overlord  
  150  9:19  Hive  
  150  9:21  Spire  
  148  9:30  Roach x2  
  148  9:31  Zergling x26, Roach x2  
  156  9:33  Neural Parasite  
  156  9:38  Roach x3  
  175  9:39  Ravager x2  
  175  9:45  Zerg Missile Weapons Level 2  
  177  9:48  Baneling x2, Centrifical Hooks  
  177  9:49  Roach x3  
  183  9:54  Zergling x12  
  183  9:57  Overlord  
  189  10:13  Extractor  
  187  10:15  Overlord  
  187  10:19  Extractor  
  187  10:20  Burrow  
  186  10:39  Greater Spire  
  186  10:43  Baneling x9  
  186  10:45  Zergling x28  
  200  10:51  Baneling  
  200  10:52  Baneling x4  
  190  11:06  Baneling x5  
  178  11:14  Zergling x48  
  178  11:18  Zergling x12  
  197  11:22  Zergling x4  
  154  11:26  Roach x6  
  154  11:32  Roach  
  152  11:36  Baneling x22  
  152  11:37  Roach x5  
  152  11:38  Baneling x15  
  162  11:41  Baneling x6  
  162  11:43  Roach  
  164  11:48  Ravager x2  
  164  11:49  Ravager x4  
  161  11:57  Zergling x22  
  160  12:03  Zergling x8  
  160  12:06  Roach x3  
  142  12:09  Roach  
  142  12:13  Ravager  
  142  12:14  Ravager x4  
  153  12:15  Roach x2  
  153  12:19  Roach x3  
  140  12:30  Ravager x2  
Show
View Real Time Build Order
Export as new Build Order

TIME Terran - Winner!

Build Orders: Reaper Expand, Mech 

Get SALT Encoding   

  12  0:01  SCV  
  13  0:13  SCV  
  14  0:18  Supply Depot  
  14  0:26  SCV  
  15  0:40  SCV  
  15  0:41  Barracks  
  16  0:45  Refinery  
  16  0:52  SCV  
  17  1:04  SCV  
  18  1:16  SCV  
  19  1:29  Orbital Command, Reaper  
  20  1:43  Command Center  
  20  1:51  Supply Depot  
  20  1:55  SCV  
  20  2:01  Reaper  
  22  2:08  SCV  
  23  2:20  SCV  
  24  2:23  Factory  
  24  2:32  SCV  
  25  2:42  Barracks Reactor, Command Center  
  25  2:46  SCV  
  26  2:54  Refinery  
  26  3:00  Orbital Command  
  26  3:02  SCV  
  27  3:22  Starport  
  27  3:26  Hellion x2  
  31  3:28  Marine, SCV x2  
  34  3:40  SCV x2  
  36  3:48  Hellion x2  
  40  3:52  SCV x2  
  40  3:54  Orbital Command  
  42  3:58  Viking  
  44  4:06  SCV, Fusion Core  
  44  4:08  SCV  
  46  4:12  Hellion  
  46  4:15  Hellion  
  50  4:18  SCV  
  50  4:20  SCV  
  50  4:22  SCV  
  53  4:28  Refinery x2  
  53  4:30  Starport Tech Lab  
  53  4:32  Supply Depot  
  53  4:34  Hellion  
  53  4:35  SCV  
  53  4:38  Hellion  
  58  4:40  SCV  
  58  4:42  SCV  
  60  4:49  SCV  
  61  4:54  Armory  
  61  4:55  Armory, Supply Depot  
  61  4:58  Hellion  
  63  5:00  Supply Depot  
  63  5:01  Hellion  
  61  5:20  Hellion  
  63  5:23  Hellion  
  63  5:27  SCV  
  60  5:28  SCV  
  60  5:35  Orbital Command  
  57  5:38  Barracks Tech Lab  
  57  5:39  SCV  
  57  5:40  SCV  
  57  5:41  Hellion  
  61  5:43  Terran Vehicle And Ship Armor Level 1, Terran Vehicle Weapons Level 1, Factory x2  
  61  5:45  Hellion  
  61  5:46  Starport Reactor  
  63  5:51  SCV  
  64  5:57  SCV  
  64  6:02  Hellion  
  64  6:03  SCV  
  64  6:04  Supply Depot  
  68  6:06  Hellion  
  70  6:11  SCV, Factory x2  
  70  6:13  SCV  
  72  6:19  SCV  
  72  6:21  Supply Depot  
  72  6:24  Hellion  
  75  6:27  Hellion  
  69  6:35  Cyclone  
  69  6:36  SCV  
  69  6:38  SCV x2  
  71  6:41  Mag-Field Accelerator, Cyclone, Infernal Pre-Igniter  
  71  6:46  Refinery  
  74  6:48  SCV  
  74  6:49  Refinery, Hellion  
  74  6:50  SCV, Supply Depot  
  74  6:53  SCV, Hellion  
  81  7:00  SCV  
  80  7:07  Cyclone  
  80  7:08  Factory Reactor, Factory Tech Lab, SCV  
  77  7:10  SCV  
  77  7:13  Cyclone  
  77  7:14  SCV, Hellion  
  77  7:15  Viking  
  87  7:17  Viking  
  87  7:20  Supply Depot  
  87  7:21  Hellion  
  87  7:22  SCV  
  92  7:25  SCV  
  92  7:26  Engineering Bay  
  93  7:30  SCV  
  94  7:38  Terran Vehicle Weapons Level 2  
  94  7:39  Terran Vehicle And Ship Armor Level 2, Cyclone  
  94  7:43  Hellion, Supply Depot  
  99  7:48  Command Center  
  99  7:51  Siege Tank  
  102  7:55  Siege Tank  
  102  7:57  Hellion x2  
  109  8:01  Supply Depot  
  109  8:04  Hellion x2  
  109  8:05  SCV x2  
  115  8:09  SCV  
  115  8:11  Siege Tank  
  119  8:18  Hellion  
  121  8:24  Siege Tank  
  121  8:25  SCV, Hellion x2  
  129  8:27  Supply Depot  
  129  8:29  Supply Depot  
  129  8:36  Siege Tank  
  132  8:42  Supply Depot  
  132  8:43  SCV, Supply Depot  
  133  8:49  Siege Tank, SCV, Hellion x2  
  141  8:57  Refinery, Hellion x2  
  145  9:04  Refinery  
  145  9:08  Siege Tank  
  148  9:11  Hellion x2  
  152  9:18  Hellion  
  152  9:20  Siege Tank  
  152  9:21  Siege Tank, Hellion  
  152  9:23  Supply Depot  
  152  9:24  SCV x2, Supply Depot  
  164  9:33  Planetary Fortress  
  164  9:39  Hellion x2  
  164  9:40  Siege Tank, Sensor Tower  
  164  9:44  Hellion x2  
  175  9:48  SCV  
  175  9:52  Siege Tank  
  179  9:58  Siege Tank  
  179  9:59  Terran Vehicle Weapons Level 3  
  182  10:10  Hellion x2  
  184  10:24  Siege Tank  
  184  10:25  Command Center  
  184  10:27  Siege Tank  
  190  10:28  Smart Servos  
  190  10:44  Siege Tank  
  190  10:45  Hellion  
  193  10:58  Siege Tank  
  193  11:01  Hellion  
  193  11:02  Hellion  
  195  11:05  SCV, Starport  
  195  11:06  Starport, Fusion Core  
  196  11:15  Siege Tank  
  196  11:17  Hellion  
  196  11:18  Siege Tank, Liberator x2, SCV x2  
  174  11:27  Hellion x3  
  174  11:31  Siege Tank  
  183  11:43  Command Center  
  183  11:47  Siege Tank, Hellion  
  185  11:49  Starport Reactor  
  185  11:50  Starport Tech Lab, Cyclone  
  189  11:57  Hellion  
  176  12:04  Hellion  
  176  12:06  Cyclone  
  140  12:16  Hellion x2  
Tags
 
Add a new tag
Caveats
  • Supply blocks, unpowered buildings, or Contaminate may cause inaccurate times.
  • Supply counts are checked every 10 seconds.